 Dungeon Crawl Stone Soup version 0.30-a0-1-g69b7b797bf (webtiles) character file.

Game seed: 12669918827210643474

41715 Lampens the Unseen (level 13, -14/67 HPs)
             Began as a Spriggan Enchanter on Aug 18, 2022.
             Was a High Priest of Dithmenos.
             Demolished by a komodo dragon (68 damage)
             ... on level 1 of the Lair of Beasts on Aug 19, 2022.
             The game lasted 00:47:24 (20186 turns).

Lampens the Unseen (Spriggan Enchanter)            Turns: 20186, Time: 00:47:25

Health: -14/67     AC: 10    Str:  6    XL:     13   Next: 81%
Magic:  20/31      EV:  4    Int: 22    God:    Dithmenos [*****.]
Gold:   1107       SH:  0    Dex: 19    Spells: 11/39 levels left

rFire   . . .      SeeInvis +    n - +5 dagger (protect)
rCold   . . .      Faith    .    (no shield)
rNeg    . . .      Spirit   .    j - +2 robe {Will+}
rPois   .          Reflect  +    N - +3 crown of Dyrovepreva {rElec Int+2 SInv}
rElec   +          Harm     .    J - +2 cloak {rCorr}
rCorr   +          Rampage  .    (gloves unavailable)
Will    +++..                    (boots unavailable) Stlth *+++++++++
                                 g - amulet of reflection
HPRegen 0.21/turn                q - ring of flight
MPRegen 0.22/turn                D - ring of wizardry

@: sleeping, flying, wreathed by umbra, very quick
A: very small, no large weapons, unfitting armour, see invisible, speed 3, agile
1, clever 1, sense surroundings 1
a: Renounce Religion, Shadow Step, Shadow Form


You were on level 1 of the Lair of Beasts.
You worshipped Dithmenos.
Dithmenos was extremely pleased with you.
You visited 3 branches of the dungeon, and saw 17 of its levels.
You also visited: Gauntlet.

You collected 1392 gold pieces.
You spent 285 gold pieces at shops.

Inventory:

Hand Weapons
 l - a +2 dagger of holy wrath
 n - a +5 dagger of protection (weapon)
 x - a +1 dagger of venom
 M - a +1 rapier of electrocution
Missiles
 u - a curare-tipped dart (quivered)
 E - a throwing net
Armour
 j - a +2 robe of willpower (worn)
 J - a +2 cloak of preservation (worn)
 N - the +3 crown of Dyrovepreva (worn) {rElec Int+2 SInv}
   (You found it in a Gauntlet)

   Int:       It affects your intelligence (+2).
   rElec:     It insulates you from electricity.
   SInv:      It lets you see invisible.
Jewellery
 g - an amulet of reflection (around neck)
 q - a ring of flight (left hand)
 A - a ring of fire
 D - a ring of wizardry (right hand)
 K - the ring of Accord {rN++ Str+6 Dex-5}
   (You found it in a Gauntlet)

   [ring of strength]

   Str:       It affects your strength (+6).
   Dex:       It affects your dexterity (-5).
   rN:        It greatly protects you from negative energy.
 L - an amulet of the acrobat
Wands
 f - a wand of roots (3)
 m - a wand of charming (24)
 r - a wand of polymorph (16)
 s - a wand of flame (42)
 I - a wand of mindburst (9)
Scrolls
 b - 3 scrolls of enchant armour
 e - 3 scrolls of amnesia
 h - a scroll of magic mapping
 i - 5 scrolls of teleportation
 v - 4 scrolls of vulnerability
 w - 2 scrolls of blinking
 y - 2 scrolls of fear
 F - 2 scrolls of butterflies
 G - 2 scrolls of identify
 H - 2 scrolls of immolation
 R - a scroll of brand weapon
Potions
 c - 2 potions of haste
 d - 8 potions of curing
 k - a potion of brilliance
 o - a potion of magic
 p - 2 potions of ambrosia
 t - 2 potions of flight
 z - 2 potions of lignification
 B - a potion of cancellation
 C - a potion of invisibility
 P - 4 potions of might
 Q - 3 potions of heal wounds
Miscellaneous
 a - a box of beasts
 O - a lightning rod (4/4)


   Skills:
 + Level 7.2 Fighting
 + Level 9.6 Short Blades
 + Level 11.6 Dodging
 + Level 16.4 Stealth
 + Level 13.6 Spellcasting
 * Level 14.5 Hexes


You had 11 spell levels left.
You knew the following spells:

 Your Spells              Type           Power      Damage    Failure   Level
a - Ensorcelled Hibernat  Hex/Ice        92%        N/A       1%          2
b - Tukima's Dance        Hex            68%        N/A       1%          3
c - Dazzling Flash        Conj/Hex       92%        N/A       1%          3
d - Confusing Touch       Hex            68%        N/A       1%          3
e - Blink                 Tloc           30%        N/A       2%          2
f - Stone Arrow           Conj/Erth      30%        3d8       5%          3
g - Cause Fear            Hex            34%        N/A       1%          4
h - Discord               Hex            34%        N/A       26%         8

Your spell library contained the following spells:

 Spells                   Type           Power      Damage    Failure   Level
 Freeze                   Ice            60%        1d8       1%          1
 Sandblast                Erth           30%        2d9       1%          1
 Sting                    Tmut/Pois      60%        1d6       1%          1
 Inner Flame              Hex/Fire       46%        N/A       1%          3
 Passwall                 Tmut/Erth      12%        N/A       2%          2
 Poisonous Vapours        Pois/Air       30%        N/A       2%          2
 Sublimation of Blood     Necr           15%        N/A       2%          2
 Conjure Flame            Conj/Fire      15%        6-21      5%          3
 Frozen Ramparts          Ice            30%        1d5       5%          3
 Ignite Poison            Fire/Tmut/Pois 15%        N/A       5%          3
 Lesser Beckoning         Tloc           15%        N/A       5%          3
 Hailstorm                Conj/Ice       15%        3d5       16%         4
 Iskenderun's Mystic Bla  Conj/Tloc      15%        2d5       16%         4
 Olgreb's Toxic Radiance  Pois           15%        N/A       16%         4
 Petrify                  Tmut/Erth      15%        N/A       16%         4
 Sticky Flame             Conj/Fire      15%        2d4       16%         4
 Fireball                 Conj/Fire      7%         3d5       41%         5
 Irradiate                Conj/Tmut      7%         3d14      41%         5
 Iskenderun's Battlesphe  Conj           15%        2d7       41%         5
 Manifold Assault         Tloc           15%        N/A       41%         5
 Conjure Ball Lightning   Conj/Air       7%         3x3d6     92%         6
 Starburst                Conj/Fire      7%         6d4       92%         6
 Orb of Destruction       Conj           7%         9d6       100%        7
 Ozocubu's Refrigeration  Ice            7%         4d9       100%        7
 Ignition                 Fire           7%         3d5       100%        8


Dungeon Overview and Level Annotations

Branches:
Dungeon (14/15)            Temple (1/1) D:4            Lair (2/5) D:8
    Orc (0/2) D:9          Vaults (0/5) D:14        Gauntlet (visited)
  Swamp: Lair:2-3    Shoals: Lair:2-3     Snake: Lair:2-3    Spider: Lair:2-3

Altars:
Ashenzari
Cheibriados
Dithmenos
Elyvilon
Gozag
Nemelex Xobeh
Ru
Wu Jian
Xom
Zin
The Shining One

Shops:
D:6 (   D:7 (   D:9 [   D:13 [   D:14 !

Portals:
Bazaar: D:13

Annotations:
D:13 2 transporters, Mosir's ghost, journeyman DsHu


Innate Abilities, Weirdness & Mutations

You are very small and have problems with some larger weapons.
You are too small for most types of armour.
You have supernaturally acute eyesight. (SInv)
You cover ground extremely quickly. (Speed+++)
You are agile. (Dex +4, Str/Int -1)
Your mind is acute. (Int +4, Str/Dex -1)
You passively map a small area around you.


Message History

You kill the dream sheep!
Dithmenos accepts your kill. The bullfrog misses you.
Casting: Ensorcelled Hibernation (safe; 1% risk of failure)
Confirm with . or Enter, or press ? or * to list all spells.
Aiming: Ensorcelled Hibernation (safe; 1% risk of failure)
Press: ? - help, Shift-Dir - straight line, f - bullfrog
Aim: a bullfrog (umbra, chance to affect: 69%)
The bullfrog looks drowsy...
Your shadow mimicks your spell!
The bullfrog is unaffected.
Unknown command.
The helpless bullfrog fails to defend itself.
You perforate the bullfrog like a sieve!!!!
You kill the bullfrog!
Dithmenos accepts your kill.
Casting: Ensorcelled Hibernation (safe; 1% risk of failure)
Confirm with . or Enter, or press ? or * to list all spells.
Aiming: Ensorcelled Hibernation (safe; 1% risk of failure)
Press: ? - help, Shift-Dir - straight line, f - dream sheep
Aim: a dream sheep (umbra, chance to affect: 61%)
The komodo dragon is unaffected.
Your shadow mimicks your spell!
The komodo dragon is unaffected.
The komodo dragon completely misses you.
Casting: Ensorcelled Hibernation (safe; 1% risk of failure)
Confirm with . or Enter, or press ? or * to list all spells.
Aiming: Ensorcelled Hibernation (safe; 1% risk of failure)
Press: ? - help, Shift-Dir - straight line, f/p - dream sheep
Aim: a dream sheep (umbra, chance to affect: 61%)
The komodo dragon is unaffected.
Your shadow mimicks your spell!
The komodo dragon is unaffected.
The komodo dragon bites you but does no damage.
The dream sheep shake their wool and sparkle.
You feel drowsy...
You fall asleep.
The komodo dragon barely misses you. The komodo dragon bites you!!!
Ouch! That really hurt!
You die...

#.....h.......##
##...÷h........#
#............###
##......##Y..#
#......(##...#
#......[.##..#
#...Y.#...?..##
###.Yl#.......#
#...@.......#
#P).........#
##.........#.#
##.....)..#...#
#.............#
##...........[.#
#..............# ######
####.............## ## ##
#....###.###.........<...#
#.# #.


You could see a komodo dragon and 2 dream sheep.

Vanquished Creatures
  Rupert (D:13)
  A minotaur (Gauntlet)
  Snorg (D:13)
  4 vault guards (D:14)
  A great orb of eyes (Gauntlet)
  Harold (D:11)
  2 boulder beetles
  2 hydras
  6 two-headed ogres
  3 centaur warriors
  A catoblepas (D:14)
  Lodul (D:10)
  3 wizards
  An orange crystal statue (D:13)
  4 ugly things
  A deep elf pyromancer (D:12)
  2 cyclopes
  A manticore (D:12)
  2 elephants (Lair:1)
  A black mamba (Lair:2)
  A cane toad (Lair:1)
  2 unseen horrors (D:12)
  3 komodo dragons
  2 efreet (D:14)
  A freezing wraith (D:9)
  6 trolls
  3 hornets
  3 slime creatures (D:12)
  2 dream sheep (Lair:1)
  A dancing weapon (D:9)
  A wraith (D:9)
  2 wyverns (D:9)
  A shadow (D:10)
  3 basilisks
  32 yaks
  4 humans (D:14)
  A steam dragon (Lair:2)
  11 vampire mosquitoes
  A naga (shapeshifter) (Gauntlet)
  2 acid dragons
  5 water moccasins
  3 ice beasts
  4 sky beasts
  A sky beast (shapeshifter) (Gauntlet)
  2 orc warriors (D:9)
  8 ogres
  3 wolves (Lair:1)
  2 black bears (D:5)
  8 centaurs
  A necrophage (D:6)
  7 kobold brigands
  6 bullfrogs
  2 gnoll sergeants
  2 scorpions (D:6)
  A wight (D:9)
  4 killer bees (D:9)
  3 howler monkeys
  2 jellies (D:6)
  4 hounds
  14 orc priests
  3 iguanas
  Ijyb (D:5)
  15 orc wizards
  Robin (D:3)
  13 gnolls
  10 adders
  2 shadow imps
  4 white imps
  2 worms (D:4)
  3 dart slugs
  54 orcs
  6 ball pythons
  4 bats
  10 endoplasms
  4 giant cockroaches
  17 goblins
  11 hobgoblins
  2 jackals (D:5)
  28 kobolds
  3 quokkas
  3 frilled lizards
  2 rats
401 creatures vanquished.

Vanquished Creatures (collateral kills)
  A deep elf pyromancer (D:13)
  Sigmund (D:2)
  A human (D:14)
  4 gnoll sergeants
  6 wights (D:9)
  An orc priest (D:7)
  Terence (D:2)
  5 gnolls
  An orc (D:5)
21 creatures vanquished.

Vanquished Creatures (others)
  A komodo dragon (D:8)
  2 humans (D:14)
  7 dancing weapons
  A swamp drake (D:8)
  An orc wizard (D:9)
  2 fungi (Lair:1)
14 creatures vanquished.

Grand Total: 436 creatures vanquished

Notes
Turn   | Place    | Note
-------+----------+-------------------------------------------
     0 | D:1      | Lampens the Spriggan Enchanter began the quest for the Orb.
     0 | D:1      | Reached XP level 1. HP: 9/9 MP: 5/5
   314 | D:1      | Reached XP level 2. HP: 13/13 MP: 7/7
   320 | D:1      | Learned a level 2 spell: Ensorcelled Hibernation
   846 | D:1      | Reached XP level 3. HP: 14/16 MP: 9/9
   850 | D:1      | Learned a level 3 spell: Tukima's Dance
   854 | D:1      | Learned a level 3 spell: Confusing Touch
  1484 | D:2      | Found a faded altar of an unknown god.
  1550 | D:2      | Noticed Sigmund
  1560 | D:2      | Killed Sigmund
  1561 | D:2      | Reached skill level 5 in Spellcasting
  1561 | D:2      | Reached skill level 5 in Hexes
  1561 | D:2      | Reached XP level 4. HP: 21/21 MP: 3/12
  1561 | D:2      | Reached XP level 5. HP: 24/24 MP: 3/13
  1773 | D:2      | Noticed Terence
  1794 | D:2      | Killed Terence
  2145 | D:3      | Noticed Robin
  2290 | D:3      | Killed Robin
  2291 | D:3      | Reached XP level 6. HP: 19/28 MP: 10/15
  2844 | D:3      | Reached skill level 5 in Stealth
  3548 | D:4      | Reached skill level 6 in Stealth
  3565 | D:4      | Reached XP level 7. HP: 32/32 MP: 11/17
  3675 | D:4      | Found a staircase to the Ecumenical Temple.
  3698 | Temple   | Entered the Ecumenical Temple
  3747 | Temple   | Became a worshipper of Dithmenos the Shadowed
  4174 | D:4      | Learned a level 3 spell: Dazzling Flash
  4177 | D:4      | Learned a level 2 spell: Blink
  4569 | D:5      | Entered Level 5 of the Dungeon
  4630 | D:5      | HP: 1/32 [orc/+0 flail (8)]
  5018 | D:5      | Reached skill level 7 in Stealth
  5847 | D:5      | Noticed Ijyb
  5851 | D:5      | Killed Ijyb
  5851 | D:5      | Reached * piety under Dithmenos
  5852 | D:5      | Reached XP level 8. HP: 36/36 MP: 20/20
  6256 | D:6      | Reached skill level 8 in Stealth
  6654 | D:6      | Found an ornate altar of the Wu Jian Council.
  6706 | D:6      | Reached skill level 9 in Stealth
  7037 | D:6      | Reached skill level 10 in Stealth
  7070 | D:6      | Gained mutation: Your mind is acute. (Int +4, Str/Dex -1)
                  | [potion of mutation]
  7070 | D:6      | Gained mutation: You passively map a small area around you.
                  | [potion of mutation]
  7070 | D:6      | Gained mutation: You are agile. (Dex +4, Str/Int -1)
                  | [potion of mutation]
  7216 | D:6      | Reached XP level 9. HP: 39/39 MP: 23/23
  7429 | D:6      | Found Lucuxt's Antique Weapon Boutique.
  7505 | D:6      | Found a shimmering altar of Xom.
  7912 | D:7      | Reached skill level 1 in Fighting
  7991 | D:7      | Reached ** piety under Dithmenos
  8330 | D:7      | Found a broken altar of Ashenzari.
  8349 | D:7      | Found Bybunuil's Weapon Boutique.
  9154 | D:8      | Noticed a komodo dragon
  9161 | D:8      | Killed a komodo dragon
  9163 | D:8      | Noticed a komodo dragon
  9163 | D:8      | Noticed a komodo dragon
  9172 | D:8      | Killed a komodo dragon
  9206 | D:8      | Killed a komodo dragon
  9207 | D:8      | Reached skill level 11 in Stealth
  9209 | D:8      | Reached skill level 10 in Hexes
  9263 | D:8      | Found a staircase to the Lair.
  9479 | D:8      | Found a sparkling altar of Nemelex Xobeh.
 10325 | D:8      | Reached skill level 5 in Dodging
 10550 | D:8      | Reached XP level 10. HP: 36/47 MP: 19/24
 10675 | D:8      | Found a large runed translucent door.
 10675 | D:8      | Found a large runed translucent door.
 10703 | D:8      | Noticed a two-headed ogre
 10710 | D:8      | Killed a two-headed ogre
 10711 | D:8      | Reached skill level 10 in Spellcasting
 10891 | D:8      | Found a glowing silver altar of Zin.
 10902 | D:8      | Found a white marble altar of Elyvilon.
 10958 | D:9      | Found Komaot's Antique Armour Shop.
 11334 | D:9      | Found a glowing golden altar of the Shining One.
 11459 | D:9      | Reached *** piety under Dithmenos
 11482 | D:9      | Found a staircase to the Orcish Mines.
 11552 | D:9      | Reached skill level 12 in Stealth
 11753 | D:9      | Noticed a two-headed ogre
 11797 | D:9      | Killed a two-headed ogre
 11799 | D:9      | Noticed a two-headed ogre
 12176 | D:9      | Noticed a two-headed ogre
 12189 | D:9      | Killed a two-headed ogre
 12190 | D:9      | Reached skill level 5 in Short Blades
 12194 | D:9      | Noticed a two-headed ogre
 12211 | D:9      | Killed a two-headed ogre
 12238 | D:9      | Reached XP level 11. HP: 34/53 MP: 16/26
 12361 | D:9      | Noticed a red ugly thing
 12371 | D:9      | Killed a red ugly thing
 12401 | D:9      | Reached **** piety under Dithmenos
 12675 | D:9      | Reached skill level 13 in Stealth
 12868 | D:9      | Noticed a cyan ugly thing
 12875 | D:9      | Killed a cyan ugly thing
 13090 | D:9      | Noticed a two-headed ogre
 13745 | D:10     | Entered Level 10 of the Dungeon
 13759 | D:10     | Noticed Lodul
 13765 | D:10     | Killed Lodul
 13912 | D:10     | Reached skill level 5 in Fighting
 14513 | D:10     | Found a snail-covered altar of Cheibriados.
 14616 | D:10     | Reached skill level 14 in Stealth
 14941 | D:10     | Learned a level 3 spell: Stone Arrow
 14958 | D:11     | Noticed a centaur warrior
 14962 | D:11     | Killed a centaur warrior
 14963 | D:11     | Reached XP level 12. HP: 60/60 MP: 28/28
 14971 | D:11     | Noticed a boulder beetle
 15117 | D:11     | Reached ***** piety under Dithmenos
 15278 | D:11     | Killed a boulder beetle
 15297 | D:11     | Noticed Harold
 15337 | D:11     | Killed Harold
 15879 | D:12     | Found a gate leading to a gauntlet.
 15903 | Gauntlet | Entered a Gauntlet
 15903 | Gauntlet | Found a transporter.
 15903 | Gauntlet | Found a transporter.
 15920 | Gauntlet | Found a transporter.
 15924 | Gauntlet | Found a transporter.
 15932 | Gauntlet | Found a transporter.
 15937 | Gauntlet | Found a transporter.
 15938 | Gauntlet | Noticed a cacodemon
 15945 | Gauntlet | Found a transporter.
 15963 | Gauntlet | Found a runed translucent gate.
 15964 | Gauntlet | Found a transporter.
 15964 | Gauntlet | Found a runed translucent gate.
 15965 | Gauntlet | Found a runed translucent gate.
 15967 | Gauntlet | Noticed a great orb of eyes
 15981 | Gauntlet | Found a transporter.
 15985 | Gauntlet | Found a transporter.
 15994 | Gauntlet | Found a transporter.
 15998 | Gauntlet | Found a transporter.
 16163 | Gauntlet | Identified the ring of Accord {rN++ Str+6 Dex-5}
 16182 | Gauntlet | Killed a great orb of eyes
 16185 | Gauntlet | Reached skill level 10 in Dodging
 16193 | Gauntlet | Noticed a minotaur
 16209 | Gauntlet | Found the +3 crown of Dyrovepreva {rElec Int+2 SInv}
 16216 | Gauntlet | Killed a minotaur
 16217 | Gauntlet | Reached skill level 15 in Stealth
 16224 | Gauntlet | Identified the +6 long sword "Utwapt" {vorpal, Dex+2}
 16720 | D:12     | Noticed a boulder beetle
 16727 | D:12     | Killed a boulder beetle
 17051 | D:13     | Noticed Rupert
 17055 | D:13     | Killed Rupert
 17056 | D:13     | Reached XP level 13. HP: 55/65 MP: 21/30
 17069 | D:13     | Learned a level 4 spell: Cause Fear
 17078 | D:13     | Learned a level 8 spell: Discord
 17248 | D:13     | Found Coqu's Armour Boutique.
 17295 | D:13     | Noticed Snorg
 17299 | D:13     | Killed Snorg
 17394 | D:13     | Found a gateway to a bazaar.
 17615 | D:13     | Found a transporter.
 17616 | D:13     | Noticed Mosir's ghost (journeyman DsHu)
 17617 | D:13     | Found a transporter.
 17621 | D:13     | Noticed an ettin
 17923 | D:14     | Found Niddal's Distillery.
 18641 | D:14     | Bought a potion of might for 60 gold pieces
 18641 | D:14     | Bought a potion of might for 60 gold pieces
 18641 | D:14     | Bought 2 potions of might for 120 gold pieces
 18641 | D:14     | Bought a potion of curing for 45 gold pieces
 19028 | D:14     | Reached skill level 16 in Stealth
 19516 | D:14     | Found a gate to the Vaults.
 19768 | Lair:1   | Entered Level 1 of the Lair of Beasts
 20065 | Lair:1   | You are sucked into a shaft and drop 1 floor!
 20083 | Lair:2   | Upgraded the game from 0.29-a0-1061-gbc57f8fbdb to
                  | 0.30-a0-1-g69b7b797bf
 20186 | Lair:1   | Demolished by a komodo dragon

Illustrated notes

Levels and vault maps discovered:
D:1:      minmay_arrival_stair_chambers, layout_basic
D:2:      layout_loops_ring, dreamdust_ecumenical_altar_statues, uniq_terence,
          uniq_sigmund
D:3:      layout_basic, uniq_robin
D:4:      layout_loops_corners, temple_pool_b
D:5:      layout_loops_ring, uniq_ijyb
D:6:      layout_basic, nicolae_wu_jian_wuxing_cycle,
          mainiacjoe_overflow_concentric_impassable, serial_shops,
          nicolae_diamond_shop, grunt_ministairs_11,
          minmay_fractal_squares_gapless_5
D:7:      layout_basic, nicolae_ashenzari_panopticon, serial_shops,
          shop_fountains
D:8:      layout_basic, mainiacjoe_overflow_paths, jmf_multi_god_temple2,
          erik_lair_dragon
D:9:      minmay_quarter_circles, layout_basic, mainiacjoe_overflow_brackets,
          hiddenorc2_lemuel, serial_shops, nicolae_shop_hallway_plus,
          minivault_25_ag, kennysheep_opposing_triangles
D:10:     layout_gridville, kennysheep_slug_shrine, minmay_stone_trees_small,
          nicolae_wwwww, uniq_lodul
D:11:     layout_small_grid, grunt_decor_one_mirror, uniq_harold
D:12:     layout_long_grid, gauntlet_entry_generic,
          chequers_serial_rivers_large_a, david_defended_altar_orc
D:13:     layout_roguey, gammafunk_ghost_smash, serial_shops, statue_bzr,
          nicolae_shop_stone, uniq_snorg, uniq_rupert
D:14:     layout_long_grid, ximxim_vaults_locker_room, grunt_decor_clamped,
          serial_shops, nicolae_inconvenience_store
Temple:   minmay_temple_curvy_branch
Lair:1:   layout_cave_shapes, lemuel_fruit_tree
Lair:2:   dpeg_oklob_gauntlet, layout_chaotic_city, swamp_mist, minivault_11,
          infiniplex_staircase_pool_2

Skill      XL: |  1  2  3  4  5  6  7  8  9 10 11 12 13 |
---------------+----------------------------------------+-----
Spellcasting   | 3 5 6 7 9 10 11 12 13 | 13.6
Hexes          | 4 5 6 7 9 10 11 12 13 14 | 14.5
Stealth        | 6 7 10 11 12 14 15 16 | 16.4
Dodging        | 5 7 8 10 11 | 11.6
Short Blades   | 3 5 7 8 9 |  9.6
Fighting       | 2 4 5 6 7 |  7.2

Action                   |  1- 3 |  4- 6 |  7- 9 | 10-12 | 13-15 || total
-------------------------+-------+-------+-------+-------+-------++-------
Melee: Dagger            |   101 |   213 |   295 |   459 |   232 ||  1300
       Punch             |     2 |     3 |     4 |     5 |     5 ||    19
 Cast: Tukima's Dance    |     1 |     5 |    13 |    27 |    13 ||    59
       Ensorcelled Hiber |     1 |    23 |    85 |   119 |    29 ||   257
       Confusing Touch   |     1 |     3 |    11 |    14 |     9 ||    38
       Dazzling Flash    |       |       |       |     2 |     4 ||     6
Invok: Shadow Step       |       |       |       |     3 |     1 ||     4
Evoke: Wand              |       |       |     3 |     4 |       ||     7
  Use: Scroll            |     8 |     1 |    11 |     6 |     5 ||    31
       Potion            |       |       |     5 |     8 |     1 ||    14
 Stab: Sleeping          |    11 |    15 |    68 |   103 |    35 ||   232
       Distracted        |       |     2 |       |     2 |       ||     4
       Confused          |       |     2 |     7 |    12 |    14 ||    35
       Invisible         |       |       |       |    11 |     3 ||    14
Armor: Robe              |     6 |    21 |    26 |    28 |    34 ||   115
Dodge: Dodged            |    63 |   112 |   227 |   267 |   236 ||   905
Block: Other             |    15 |    33 |    55 |    77 |    55 ||   235
       Reflection        |     1 |       |     5 |     3 |       ||     9

Table legend: (Time is in decaauts)
 A = Elapsed time spent in this place.
 B = Non-inter-level travel time spent in this place.
 C = Inter-level travel time spent in this place.
 D = Time resting spent in this place.
 E = Time spent auto-exploring this place.
 F = Levels seen in this place.
 G = Mean time per level.
                   A        B        C        D        E       F      G
               +--------+--------+--------+--------+--------+-----+--------+
         Total |  15751 |  15242 |    509 |   1934 |  10088 |  18 |  875.1 |
       Dungeon |  15187 |  14695 |    492 |   1872 |   9909 |  14 | 1084.8 |
        Temple |     47 |     31 |     16 |      0 |     25 |   1 |   47.0 |
          Lair |    296 |    296 |      0 |     61 |     81 |   2 |  148.0 |
      Gauntlet |    220 |    220 |      0 |      1 |     72 |   1 |  220.0 |
               +--------+--------+--------+--------+--------+-----+--------+

Top non-repeatable levels by time:
     D:9: 2067 daAuts
     D:8: 1566 daAuts
     D:4: 1454 daAuts
     D:7: 1305 daAuts
     D:5: 1291 daAuts
    D:14: 1122 daAuts
     D:6: 1006 daAuts
    D:10: 938 daAuts
    D:13: 863 daAuts
     D:2: 857 daAuts
     D:3: 856 daAuts
     D:1: 653 daAuts
    D:12: 618 daAuts
    D:11: 586 daAuts
  Lair:1: 278 daAuts
